AoeStats
← ankg

African Clearing

506855259Analyzed
3v3 RM · 17d ago on Sep 15, 2026· 43m 55s· 6 players
Game mode
Random Map
Map size
Normal (6 player)
Population
200
Speed
Normal
Resources
Standard
Victory
Conquest
Starting age
Dark Age
Ending age
Imperial Age
RankedLock teamsTeams togetherTeam positionsShared explorationLock speedFull tech treeHidden civsTurbo modeCheats
Victory
Defeat
🇮🇩 Japanese · Indonesia
887
+16
🇷🇴 Burgundians · Romania
872
+17
🇮🇩 Vietnamese · Indonesia
763
+21
🇨🇳 Cumans · China
916
-19
🇨🇳 Persians · China
883
-18
🇨🇳 Franks · China
849
-43
413401132
11:56 Loom
12:03 Loom
14:18 Feudal Age
16:02 Horse Collar
15:48 Man-at-Arms
16:49 Double-Bit Axe
27:52 Gold Mining
35:00 Wheelbarrow
37:19 Castle Age
36:51 Fletching
39:06 Hand Cart
39:06 Town Watch
40:04 Town Patrol
41:40 Bow Saw
42:09 Gold Shaft Mining
41:29 Stone Mining
41:57 Scale Barding Armor
ankg
40:55 Feudal Age
42:15 Wheelbarrow
zh56956
16:34 Feudal Age
18:13 Double-Bit Axe
18:11 Horse Collar
21:35 Fletching
28:25 Castle Age
40:07 Thumb Ring
39:22 Crossbowman
42:29 Wheelbarrow
DekaJe
4:39 Loom
17:34 Feudal Age
18:20 Man-at-Arms
Brovilius
7:02 Loom
11:23 Double-Bit Axe
14:37 Feudal Age
12:58 Double-Bit Axe
16:19 Bow Saw
16:41 Horse Collar
18:20 Scale Barding Armor
19:55 Forging
23:07 Gold Mining
29:38 Scale Mail Armor
35:40 Castle Age
35:25 Wheelbarrow
36:03 Crossbowman
37:06 Fletching
37:35 Chain Mail Armor
42:26 Heavy Plow
44:48 Two-Man Saw
Awe
7:59 Loom
17:56 Feudal Age
18:33 Horse Collar
18:48 Double-Bit Axe
21:34 Stone Mining
29:42 Castle Age
28:00 Man-at-Arms
30:59 Fletching
31:19 Forging
Connection lost

Rejoining the realm…

Still unreachable

The connection could not be restored.

Session expired

The server has moved on; the page needs a fresh start.